 Dungeon Crawl Stone Soup version 0.30-a0-755-g0b50240ab4 (webtiles) character file.

Game seed: 3216686945791189751

2571 Ijustatesigmund the Thaumaturge (level 9, 0/49 HPs)
             Began as a Deep Elf Conjurer on Feb 9, 2023.
             Slain by a centaur warrior zombie (2 damage)
             ... on level 8 of the Dungeon.
             The game lasted 00:15:08 (8280 turns).

Ijustatesigmund the Thaumaturge (Deep Elf Conjurer) Turns: 8280, Time: 00:15:09

Health: 0/49       AC:  6    Str:  6    XL:     9   Next: 32%
Magic:  2/25       EV: 18    Int: 26    God:
Gold:   323        SH:  0    Dex: 13    Spells: 22/28 levels left

rFire   . . .      SeeInvis .    z - +0 shortbow
rCold   + . .      Faith    .    (shield currently unavailable)
rNeg    . . .      Spirit   .    a - +1 robe
rPois   .          Reflect  .    p - +0 helmet
rElec   .          Harm     .    s - +0 cloak
rCorr   .          Rampage  .    (no gloves)
Will    .....                    A - +0 pair of boots
Stlth   ++                       (no amulet)
HPRegen 0.28/turn                D - +5 ring of evasion
MPRegen 0.19/turn                j - ring of protection from cold

@: no status effects
A: no striking features
a: no special abilities


You were on level 8 of the Dungeon.
You visited 2 branches of the dungeon, and saw 9 of its levels.

You collected 323 gold pieces.

Inventory:

Hand Weapons
 c - a +0 short sword
 g - a +1 sling
 r - a +4 quarterstaff of chaos
 z - a +0 shortbow (weapon)
Armour
 a - a +1 robe (worn)
 p - a +0 helmet (worn)
 s - a +0 cloak (worn)
 A - a +0 pair of boots (worn)
Magical Staves
 l - a staff of poison
Jewellery
 j - a ring of protection from cold (right hand)
 m - an amulet of guardian spirit
 w - a ring of positive energy
 x - a ring of fire
 D - a +5 ring of evasion (left hand)
 E - an amulet of faith
Wands
 o - a wand of quicksilver (5)
 t - a wand of mindburst (13)
 y - a wand of flame (10)
Scrolls
 h - 3 scrolls of fog
 k - a scroll of poison
 v - 2 scrolls of teleportation
 B - a scroll of butterflies {unknown}
Potions
 b - a potion of magic
 d - 3 potions of attraction
 e - 3 potions of curing
 f - 4 potions of flight
 i - a potion of might {unknown}
 n - a potion of cancellation {unknown}
 q - a potion of heal wounds {unknown}
 u - a potion of berserk rage {unknown}
 C - a potion of lignification {unknown}


   Skills:
 - Level 2.9 Fighting
 - Level 6.0 Ranged Weapons
 - Level 3.7 Dodging
 - Level 2.4 Stealth
 + Level 10.0 Spellcasting
 + Level 9.2 Conjurations
 + Level 3.2 Ice Magic


You had 22 spell levels left.
You knew the following spells:

 Your Spells              Type           Power      Damage    Failure   Level
a - Magic Dart            Conj           100%       1d8       1%          1
b - Searing Ray           Conj           100%       2d8       1%          2
c - Frozen Ramparts       Ice            60%        1d10      3%          3

Your spell library contained the following spells:

 Spells                   Type           Power      Damage    Failure   Level
 Dazzling Flash           Conj/Hex       74%        N/A       1%          3
 Ensorcelled Hibernation  Hex/Ice        42%        N/A       3%          2
 Lesser Beckoning         Tloc           26%        N/A       7%          2
 Fulminant Prism          Conj/Hex       18%        3d10      7%          4
 Iskenderun's Mystic Bla  Conj/Tloc      37%        2d9       7%          4
 Gell's Gravitas          Tloc           13%        N/A       14%         3
 Portal Projectile        Hex/Tloc       26%        N/A       14%         3
 Spider Form              Tmut/Pois      13%        N/A       14%         3
 Teleport Other           Tloc           13%        N/A       14%         3
 Tukima's Dance           Hex            13%        N/A       14%         3
 Ice Form                 Ice/Tmut       21%        N/A       24%         4
 Summon Ice Beast         Ice/Summ       21%        N/A       24%         4
 Anguish                  Hex/Necr       6%         N/A       41%         4
 Blade Hands              Tmut           6%         N/A       77%         5


Dungeon Overview and Level Annotations

Branches:
Dungeon (8/15)             Temple (1/1) D:5
   Lair: D:8-11

Altars:
Cheibriados
Dithmenos
Fedhas
Hepliaklqana
Kikubaaqudgha
Makhleb
Nemelex Xobeh
Okawaru
Qazlal
Ru
Sif Muna
Trog
Uskayaw
Wu Jian
Xom
Zin
The Shining One

Annotations:
D:8 Joseph


Message History

Aiming: Searing Ray (safe; 1% risk of failure)
Press: ? - help, Shift-Dir - straight line, f/p - centaur warrior zombie
Aim: a centaur warrior zombie (heavily damaged, 98% to hit)
The searing ray hits the centaur warrior zombie.
The centaur warrior zombie is heavily damaged. (Press . to maintain the ray.)
The centaur warrior zombie hits you!
* * * LOW HITPOINT WARNING * * *
The centaur warrior zombie closely misses you.
The centaur warrior zombie barely misses you.
The centaur warrior zombie kicks you but does no damage.
The searing ray hits the centaur warrior zombie!
The centaur warrior zombie is heavily damaged.
The centaur warrior zombie barely misses you.
The centaur warrior zombie closely misses you.
The searing ray hits the centaur warrior zombie.
The centaur warrior zombie is severely damaged.
The centaur warrior zombie barely misses you.
The centaur warrior zombie kicks you.
* * * LOW HITPOINT WARNING * * *
The searing ray hits the centaur warrior zombie!
The centaur warrior zombie is severely damaged.
You finish channelling your searing ray.
The centaur warrior zombie hits you!
* * * LOW HITPOINT WARNING * * *
The centaur warrior zombie kicks you.
* * * LOW HITPOINT WARNING * * *
The centaur warrior zombie misses you. The centaur warrior zombie kicks you.
* * * LOW HITPOINT WARNING * * *
Casting: Searing Ray (safe; 1% risk of failure)
Confirm with . or Enter, or press ? or * to list all spells.
Aiming: Searing Ray (safe; 1% risk of failure)
Press: ? - help, Shift-Dir - straight line, f/p - centaur warrior zombie
Aim: a centaur warrior zombie (severely damaged, 98% to hit)
The searing ray hits the centaur warrior zombie!
The centaur warrior zombie is almost destroyed. (Press . to maintain the ray.)
The centaur warrior zombie hits you but does no damage.
The centaur warrior zombie kicks you.
You die...

.## .!###
#....#
###......
##........
##.........
##..........
#@Z.........
#...........
#............
##...........
#...........
##.........$
##.........
#.........


You could see a centaur warrior zombie.

Vanquished Creatures
  A centaur skeleton (D:8)
  2 water moccasins (D:7)
  2 sky beasts (D:6)
  3 ice beasts
  A black bear (D:6)
  An ogre (D:5)
  2 centaurs
  2 phantoms (D:5)
  3 scorpions
  3 howler monkeys
  3 jellies
  2 gnoll boudas
  2 orc priests (D:5)
  Crazy Yiuf (D:3)
  A hound (D:5)
  9 orc wizards
  Natasha (twice) (D:4)
  4 adders
  16 gnolls
  3 shadow imps
  3 white imps
  4 dart slugs
  2 worms
  25 orcs
  4 bats
  3 endoplasms
  5 giant cockroaches
  5 goblins
  8 hobgoblins
  2 quokkas (D:1)
  4 ball pythons
  2 frilled lizards (D:2)
  6 kobolds
  7 rats
143 creatures vanquished.

Vanquished Creatures (others)
  8 fungi (D:4)
  A plant (D:5)
  4 withered plants (D:8)
13 creatures vanquished.

Grand Total: 156 creatures vanquished

Notes
Turn   | Place    | Note
-------+----------+-------------------------------------------
     0 | D:1      | Ijustatesigmund the Deep Elf Conjurer began the quest for
                  | the Orb.
     0 | D:1      | Reached XP level 1. HP: 10/10 MP: 6/6
   416 | D:1      | Reached XP level 2. HP: 15/15 MP: 2/8
   597 | D:1      | Learned a level 2 spell: Searing Ray
  1398 | D:2      | Reached XP level 3. HP: 19/19 MP: 6/10
  2071 | D:2      | Reached skill level 4 in Spellcasting
  2071 | D:2      | Reached skill level 5 in Conjurations
  2072 | D:2      | Reached XP level 4. HP: 24/24 MP: 3/12
  2774 | D:3      | Found a faded altar of an unknown god.
  2821 | D:3      | Found a faded altar of an unknown god.
  3242 | D:3      | Found a runed translucent door.
  3344 | D:3      | Noticed Crazy Yiuf
  3349 | D:3      | Killed Crazy Yiuf
  3350 | D:3      | Reached skill level 1 in Ranged Weapons
  3454 | D:3      | Found a stormy altar of Qazlal.
  3525 | D:4      | Reached XP level 5. HP: 28/28 MP: 8/14
  3729 | D:4      | Reached skill level 5 in Spellcasting
  3901 | D:4      | Reached XP level 6. HP: 26/32 MP: 11/16
  3981 | D:4      | Noticed Natasha
  3987 | D:4      | Killed Natasha
  4079 | D:4      | Noticed Natasha
  4085 | D:4      | Killed Natasha
  4111 | D:4      | Found a glowing silver altar of Zin.
  4567 | D:5      | Entered Level 5 of the Dungeon
  4598 | D:5      | Identified the +14 chain mail of the Nexus {rC++}
  4608 | D:5      | Reached skill level 1 in Fighting
  4608 | D:5      | Reached skill level 6 in Spellcasting
  4763 | D:5      | Found a staircase to the Ecumenical Temple.
  4775 | D:5      | Reached XP level 7. HP: 35/38 MP: 10/18
  4785 | Temple   | Entered the Ecumenical Temple
  5112 | D:5      | You fall into a shaft and drop 1 floor!
  5194 | D:5      | Reached skill level 7 in Spellcasting
  5334 | D:5      | Found a snail-covered altar of Cheibriados.
  6106 | D:6      | Reached XP level 8. HP: 43/45 MP: 15/21
  6205 | D:6      | Found a shimmering altar of Xom.
  6236 | D:6      | Reached skill level 8 in Spellcasting
  6498 | D:6      | Reached skill level 5 in Ranged Weapons
  6914 | D:6      | Found an iron altar of Okawaru.
  6915 | D:6      | Found a hide-covered altar of Uskayaw.
  7100 | D:7      | Reached skill level 9 in Spellcasting
  7194 | D:7      | Learned a level 3 spell: Frozen Ramparts
  7411 | D:7      | Reached skill level 1 in Ice Magic
  7508 | D:7      | Found a blossoming altar of Fedhas.
  7517 | D:7      | Reached XP level 9. HP: 49/49 MP: 18/24
  8226 | D:8      | Noticed a hellwing
  8237 | D:8      | Noticed a hellwing
  8238 | D:8      | Reached skill level 10 in Spellcasting
  8249 | D:8      | Noticed Joseph
  8279 | D:8      | HP: 1/49 [centaur warrior zombie (2)]
  8280 | D:8      | Slain by a centaur warrior zombie

Illustrated notes

Levels and vault maps discovered:
D:1:      dpeg_chamrin_arrival_tetris, layout_basic
D:2:      layout_loops_ring, grunt_ministairs_13
D:3:      layout_rooms, mainiacjoe_overflow_six_doors_small,
          nicolae_overflow_ecumenical_swirl, nicolae_ecumenical_oubliette,
          minmay_unequal, uniq_crazy_yiuf_cottage
D:4:      layout_loops_ring, mainiacjoe_overflow_cross_hatched,
          hangedman_decor_lopped, uniq_natasha
D:5:      layout_loops_ring, lemuel_tele_altar, minmay_temple_entry_overgrown
D:6:      layout_loops_ring, mainiacjoe_overflow_chevrons,
          gammafunk_temple_overflow_statue, st_stairs_7
D:7:      layout_basic, lemuel_doored_altar
D:8:      cheibrodos_grave_circle, layout_cave_pods, minivault_24, uniq_joseph,
          uniq_gastronok
Temple:   hellmonk_temple_flake

Skill      XL: |  1  2  3  4  5  6  7  8  9 |
---------------+----------------------------+-----
Dodging        | 3 |  3.7
Spellcasting   | 4 5 6 7 9 10 | 10.0
Conjurations   | 5 6 7 8 9 |  9.2
Ranged Weapons | 1 3 6 |  6.0
Fighting       | 1 2 |  2.9
Ice Magic      | 1 3 |  3.2
Stealth        | |  2.4

Action                     |  1- 3 |  4- 6 |  7- 9 || total
---------------------------+-------+-------+-------++-------
   Fire: Sling             |     6 |    84 |    20 ||   110
         Shortbow          |       |       |    76 ||    76
   Cast: Magic Dart        |    51 |     7 |     6 ||    64
         Searing Ray       |     6 |    23 |    44 ||    73
    Use: Scroll            |     5 |     3 |     7 ||    15
 Armour: Robe              |     1 |    10 |    21 ||    32
  Dodge: Dodged            |     4 |    14 |    64 ||    82

Table legend: (Time is in decaauts)
 A = Elapsed time spent in this place.
 B = Non-inter-level travel time spent in this place.
 C = Inter-level travel time spent in this place.
 D = Time resting spent in this place.
 E = Time spent auto-exploring this place.
 F = Levels seen in this place.
 G = Mean time per level.
                   A        B        C        D        E       F      G
               +--------+--------+--------+--------+--------+-----+--------+
         Total |   8326 |   8095 |    231 |   1475 |   5687 |   9 |  925.1 |
       Dungeon |   8141 |   7920 |    221 |   1475 |   5523 |   8 | 1017.6 |
        Temple |    184 |    174 |     10 |      0 |    164 |   1 |  184.0 |
               +--------+--------+--------+--------+--------+-----+--------+

Top non-repeatable levels by time:
     D:1: 1393 daAuts
     D:6: 1306 daAuts
     D:2: 1302 daAuts
     D:4: 1080 daAuts
     D:7: 1041 daAuts
     D:5: 1018 daAuts
     D:3: 814 daAuts
  Temple: 184 daAuts
     D:8: 184 daAuts
